 Dungeon Crawl Stone Soup version 0.19-a0-1899-g2d93087 (webtiles) character file.

157 dobroeutro the Bolt Thrower (level 5, -1/42 HPs)
             Began as a Formicid Hunter on Oct 19, 2016.
             Killed by nerve-wracking pain
             ... invoked by Grinder
              (13 damage)
             ... on level 3 of the Dungeon.
             The game lasted 00:03:33 (2030 turns).

dobroeutro the Bolt Thrower (Formicid Hunter)       Turns: 2030, Time: 00:03:33

Health: -1/42      AC:  3    Str: 17    XL:     5   Next: 66%
Magic:  5/5        EV: 10    Int: 11    God:
Gold:   68         SH:  9    Dex: 11    Spells: 0 memorised, 4 levels left

rFire  . . .     SeeInvis +     b - +0 short sword
rCold  . . .     Gourm    .     c - +0 leather armour
rNeg   . . .     Faith    .     e - +0 shield (curse)
rPois  .         Spirit   .     (helmet unavailable)
rElec  .         Reflect  .     (no cloak)
rCorr  .         Harm     .     (no gloves)
MR     .....                    (no boots)
Stlth  +.........               (no amulet)
                                (no ring)
                                (no ring)

@: no status effects
A: permanent stasis, dig shafts and tunnels, four strong arms, antennae 3
a: Dig, Shaft Self


You were on level 3 of the Dungeon.
You were not hungry.

You visited 1 branch of the dungeon, and saw 3 of its levels.

You collected 68 gold pieces.

Inventory:

Hand Weapons
 a - a +1 hand crossbow
 b - a +0 short sword (weapon)
Armour
 c - a +0 leather armour (worn)
 e - a cursed +0 shield (worn)
Scrolls
 g - 2 scrolls of remove curse {unknown}
 h - a scroll of enchant armour {unknown}
 i - 4 scrolls of identify {unknown}
 k - a scroll of immolation {unknown}
 l - a scroll of amnesia {unknown}
 n - a scroll of fog {unknown}
 o - a scroll of teleportation {unknown}
 p - a scroll of magic mapping {unknown}
Potions
 m - a potion of lignification {unknown}
Comestibles
 f - 4 bread rations
 j - a meat ration
 q - a chunk of flesh


   Skills:
 + Level 3.8 Fighting
 + Level 4.8 Crossbows
 - Level 1.7 Dodging
 - Level 1.2 Stealth
 + Level 3.4 Shields


You had 4 spell levels left.
You didn't know any spells.

Dungeon Overview and Level Annotations

Branches:
Dungeon (3/15)

Altars:
Yredelemnul

Annotations:
D:2 1 runed door
D:3 Grinder


Innate Abilities, Weirdness & Mutations

You are under a permanent stasis effect.
You can dig through walls and to a lower floor.
Your four strong arms can wield two-handed weapons with a shield.
You have a pair of large antennae on your head. (SInv)


Message History

Grinder is almost dead.
Grinder hits you.
You writhe in agony.
* * * LOW HITPOINT WARNING * * *
You are too injured to fight recklessly!
You are too injured to fight recklessly!
You are too injured to fight recklessly!
You are too injured to fight recklessly!
You are too injured to fight recklessly!
You are too injured to fight recklessly!
You are too injured to fight recklessly!
You are too injured to fight recklessly!
You are too injured to fight recklessly!
You are too injured to fight recklessly!
You are too injured to fight recklessly!
You are too injured to fight recklessly!
Wield which item (- for none, * to show all)? (? for menu, Esc to quit)
b - a +0 short sword (weapon)
Grinder gestures at you. Pain shoots through your body!
You die...

#.##.#### #.......#
#.......#
#############.......#
§..............#.###########
################...........#
#...(.........<######.#
#.......(##########
#.....†..(.@.......
#....(†....5..#####
#.................
#........(....####
........(.....#
...........?..#
...........(..#
.........######


You could see Grinder.

Vanquished Creatures
  3 human skeletons (D:2)
  A gnoll (D:1)
  2 adders
  2 worms (D:2)
  4 leopard geckos
  A giant cockroach (D:2)
  10 goblins
  5 hobgoblins
  2 ball pythons
  7 bats
  A frilled lizard (D:1)
  4 kobolds
  A rat (D:2)
43 creatures vanquished.

Notes
Turn   | Place    | Note
-------+----------+-------------------------------------------
     0 | D:1      | dobroeutro the Formicid Hunter began the quest for the Orb.
     0 | D:1      | Reached XP level 1. HP: 16/16 MP: 1/1
    48 | D:1      | Reached skill level 1 in Shields
    48 | D:1      | Reached XP level 2. HP: 7/23 MP: 2/2
   172 | D:1      | Reached XP level 3. HP: 8/28 MP: 3/3
  1048 | D:2      | Reached XP level 4. HP: 33/35 MP: 4/4
  1102 | D:2      | Reached XP level 5. HP: 15/41 MP: 5/5
  1121 | D:2      | Found a runed door.
  1121 | D:2      | Noticed a human
  1127 | D:2      | Found a basalt altar of Yredelemnul.
  1140 | D:2      | HP: 2/41 [human skeleton (2)]
  1986 | D:3      | Noticed Grinder
  2030 | D:3      | Killed from afar by Grinder

Vault maps used:
D:1:      lemuel_arrival_muddy, minmay_misc_feat_encased
D:2:      first_bread, dk_yredelemnul_ordeal
D:3:      kennysheep_generic_room_9, uniq_natasha, uniq_iyjb,
          uniq_crazy_yiuf_cottage, uniq_grinder

Skill      XL: |  1  2  3  4  5 |
---------------+----------------+-----
Shields        | 1 2 3 |  3.4
Fighting       | 3 |  3.8
Crossbows      | |  4.8
Dodging        | |  1.7
Stealth        | |  1.2

Action                   |  1- 3 |  4- 6 || total
-------------------------+-------+-------++-------
Melee: Short sword       |    91 |    47 ||   138
 Fire: Hand crossbow     |    27 |    35 ||    62
  Use: Potion            |       |     3 ||     3
 Stab: Sleeping          |     1 |     2 ||     3
  Eat: Chunk             |       |     1 ||     1
       Bread ration      |       |     1 ||     1
Armor: Leather armour    |    45 |     8 ||    53
Dodge: Dodged            |    63 |    28 ||    91
Block: Shield            |    55 |    31 ||    86
